cohdb
Replays
Latest Replays
All Replays
Popular Replays
Top Player Replays
Match Explorer
How It Works
Community
CoH3 Stats
Reddit
Sign in to upload your games and track your stats! →
Sign in with Steam
Match 42749052
Unlisted
Match 42749052
Overview
Messages
Build Orders
End
Construct Barracks
Selects Special Operations Battlegroup
Selects M29 Weasel Recon Vehicle
M29 Weasel Recon Vehicle
Riflemen Squad
Riflemen Squad
Infantry Support Center
Selects Raiding Flares
Construct Weapon Support Center
M3 Armored Personnel Carrier
Construct Medical Station
Engineer Squad
Selects SSF Commando Squad
SSF Commando Squad
Construct Tank Depot
SSF Commando Squad
M4(105) Sherman Bulldozer
Improved M9 Bazooka Rockets
Selects P-47 Anti-Infantry Loiter
Selects UNKNOWN (2162291)
P-47 Anti-Infantry Loiter
Engineer Squad
Raiding Flares
M18 Hellcat Tank Destroyer
Selects Air Re-supply Operation
M4A1 Sherman Whizbang
Raiding Flares
OnCe_Ov3R
Trion
0
0
Comments
sign in to comment!
No comments posted yet!